 Seeded DCSS version 0.31-a0-229-g1fc7ce93e2 (webtiles) character file.

Game seed: 13275427502194390118 (custom seed)

2419 rocky1 the Basher (level 9, 0/54 HPs)
             Began as a Gargoyle Fighter on July 7, 2023.
             Was a Follower of Okawaru.
             Engulfed by a steam dragon's steam (1 damage)
             ... on level 7 of the Dungeon.
             The game lasted 00:14:08 (8219 turns).

rocky1 the Basher (Gargoyle Fighter)                Turns: 8219, Time: 00:14:08

Health: 0/54       AC: 18    Str: 32    XL:     9   Next: 48%
Magic:  12/12      EV:  9    Int: 13    God:    Okawaru [*.....]
Gold:   214        SH:  4    Dex:  9    Spells: 9/13 levels left

rFire   . . .        u - +1 flail (venom)
rCold   . . .        c - +0 buckler
rNeg    + . .        r - +0 chain mail
rPois   ∞            n - +1 helmet
rElec   +            (no cloak)
rCorr   .            (no gloves)
SInv    .            (no boots)
Will    .....        J - amulet of the acrobat Stlth
                     e - +6 ring of strength
HPRegen 0.29/turn    B - +6 ring of strength
MPRegen 0.13/turn

%: acrobat
@: mighty, brilliant, marked
A: sickness immunity, AC +6, negative energy resistance 1, electricity
resistance, torment resistance 1, petrification resistance, mutation resistance
1
a: Renounce Religion, Heroism


You were on level 7 of the Dungeon.
You worshipped Okawaru.
Okawaru was aware of your devotion.
You visited 2 branches of the dungeon, and saw 8 of its levels.
You also visited: Sewer.

You collected 379 gold pieces.
You spent 165 gold pieces at shops.

Inventory:

Hand Weapons
 a - a +0 flail
 u - a +1 flail of venom (weapon)
 C - the +3 flail of Experimentation {pain, Int+3}
   (You found it on level 5 of the Dungeon)

   Int:       It affects your intelligence (+3).
 L - a +0 broad axe
Missiles
 g - 10 javelins (quivered)
 h - 3 boomerangs
 j - 2 curare-tipped darts
 k - 11 poisoned darts
Armour
 c - a +0 buckler (worn)
 n - a +1 helmet (worn)
 r - a +0 chain mail (worn)
Jewellery
 e - a +6 ring of strength (left hand)
 m - the ring of Uvvafopo {Contam rPois Str+3 Int+6 Dex+6}
   (You found it on level 4 of the Dungeon)

   [ring of dexterity]

   Str:       It affects your strength (+3).
   Int:       It affects your intelligence (+6).
   Dex:       It affects your dexterity (+6).
   rPois:     It protects you from poison.
   Contam:    It causes magical contamination when unequipped.
 w - a ring of wizardry
 B - a +6 ring of strength (right hand)
 F - a ring of see invisible
 J - an amulet of the acrobat (around neck)
Scrolls
 f - 4 scrolls of teleportation
 l - a scroll of fear
 x - a scroll of brand weapon {unknown}
 y - 2 scrolls of poison {unknown}
 z - a scroll of immolation {unknown}
 A - 4 scrolls of identify {unknown}
 D - a scroll of enchant armour {unknown}
 E - a scroll of fog
 K - a scroll of torment {unknown}
Potions
 b - 3 potions of curing {unknown}
 d - 2 potions of might
 i - a potion of experience {unknown}
 o - 2 potions of berserk rage {unknown}
 p - 3 potions of enlightenment {unknown}
 q - 2 potions of mutation
 s - 3 potions of heal wounds {unknown}
 t - 3 potions of resistance {unknown}
 v - 2 potions of brilliance
 G - a potion of ambrosia {unknown}
 H - a potion of invisibility {unknown}
 I - a potion of attraction {unknown}


   Skills:
 + Level 5.4 Fighting
 * Level 9.5 Maces & Flails
 + Level 5.8 Armour
 - Level 1.5 Dodging
 + Level 4.4 Shields
 * Level 2.6 Spellcasting
 * Level 2.7 Poison Magic


You had 9 spell levels left.
You knew the following spells:

 Your Spells              Type           Power      Damage    Failure   Level
a - Olgreb's Toxic Radia  Pois           13%        N/A       97%         4

Your spell library contained the following spells:

 Spells                   Type           Power      Damage    Failure   Level
 Sting                    Tmut/Pois      28%        1d4       50%         1
 Poisonous Vapours        Pois/Air       14%        N/A       63%         2
 Ozocubu's Armour         Ice            2%         N/A       96%         3
 Leda's Liquefaction      Hex/Erth       1%         N/A       100%        4
 Lee's Rapid Deconstruct  Erth           1%         3d4*      100%        5
 Metabolic Englaciation   Hex/Ice        1%         N/A       100%        5
 Leda's Unmaking          Conj/Erth      1%         9d1       100%        6
 Ozocubu's Refrigeration  Ice            1%         4d7       100%        7
 Polar Vortex             Ice            1%         N/A       100%        9
 Simulacrum               Ice/Necr       Unusable   N/A       N/A         6
 Statue Form              Tmut/Erth      Unusable   N/A       N/A         6

Dungeon Overview and Level Annotations

Branches:
Dungeon (7/15)             Temple (1/1) D:4           Sewer (visited)

Altars:
Ashenzari
Cheibriados
Elyvilon
Fedhas
Hepliaklqana
Kikubaaqudgha
Makhleb
Nemelex Xobeh
Okawaru
Qazlal
Sif Muna
Uskayaw
Vehumet
Wu Jian
Xom
Yredelemnul
Zin
The Shining One

Shops:
D:1 :==[   D:5 =


Innate Abilities, Weirdness & Mutations

You are immune to sickness and miasma.
Your stone body is resilient. (AC +6)
You are immune to poison.
You resist negative energy. (rN+)
You are resistant to electric shocks. (rElec)
You are resistant to unholy torment.
You are immune to petrification.
You are somewhat resistant to further mutation.


Message History

The orc warrior hits you with a +0 war axe.
You hit the orc warrior but do no damage.
The sleepcap releases spores at you but does no damage.
The orc warrior hits you but does no damage.
You sock the orc warrior!
The orc warrior is poisoned.
The orc warrior is moderately wounded.
The sleepcap releases spores at you but does no damage.
The orc wizard hits you but does no damage.
You block the orc warrior's attack.
You hit the orc warrior but do no damage.
The orc warrior looks as sick as possible!
The orc warrior is moderately wounded.
You block the sleepcap's attack. The orc priest barely misses you.
The orc warrior hits you with a +0 war axe.
You barely miss the orc warrior.
The orc warrior is heavily wounded.
The iguana bites you. The sleepcap closely misses you.
The orc priest hits you but does no damage.
The orc wizard casts a spell.
The orc wizard flickers and vanishes!
Deactivating autopickup; reactivate with Ctrl-A.
The orc warrior hits you with a +0 war axe.
You feel very mighty all of a sudden. The iguana barely misses you.
You block the orc's attack.
The sleepcap releases spores at you but does no damage.
The orc priest miscasts a cantrip.
The steam dragon breathes steam at you. The ball of steam hits you!!
* * * LOW HITPOINT WARNING * * *
The ball of steam hits the orc!!
The orc dies!
You hear some strange, mumbled words.
A puff of flame appears from out of thin air!
The puff of flame hits you.
* * * LOW HITPOINT WARNING * * *
The orc warrior completely misses you.
Okay, then.
It was a potion of brilliance.
You feel clever all of a sudden.
You are engulfed in a cloud of scalding steam.
You die...

..............
.............
#.......... ... ....
#........##.... ...
.........# ... ..#
#.§....# #.### #.#
#.l§o..#####...###.#
#.{@o..........#.#.#
#..#f§..#....#.......
#.. #..§.#...###......
##.##.>§##.....#..###.
........D#........###.
#............##.>.##..
#...........##........
.......................
.#.........#...........


You could see a steam dragon (catching breath), an orc warrior (extremely
poisoned), a sleepcap, an iguana and an orc priest.

Vanquished Creatures
  A wyvern (D:7)
  Duvessa (D:4)
  An orc warrior (D:6)
  An ice beast (D:6)
  2 black bears
  2 ogres
  A centaur (D:7)
  A phantom (D:7)
  2 kobold brigands
  4 bullfrogs
  A gnoll sergeant (D:7)
  2 scorpions
  Dowan (D:4)
  4 hounds
  3 orc priests
  A jelly (D:6)
  A sleepcap (D:5)
  Jessica (D:2)
  4 iguanas
  4 orc wizards
  Natasha (thrice) (D:2)
  11 gnolls
  A river rat (D:4)
  6 adders
  A shadow imp (D:7)
  2 white imps
  An ufetubus (D:6)
  4 worms
  A dart slug (D:2)
  11 orcs
  11 bats
  6 endoplasms
  4 giant cockroaches
  6 goblins
  2 hobgoblins
  2 jackals (D:2)
  19 kobolds
  4 quokkas
  4 ball pythons
  2 frilled lizards
  8 rats
147 creatures vanquished.

Vanquished Creatures (others)
  An orc (D:7)
1 creature vanquished.

Grand Total: 148 creatures vanquished

Notes
Turn   | Place    | Note
-------+----------+-------------------------------------------
     0 | D:1      | rocky1 the Gargoyle Fighter began the quest for the Orb.
     0 | D:1      | Reached XP level 1. HP: 14/14 MP: 1/1
    11 | D:1      | Found Onlezats's Jewellery Emporium.
   228 | D:1      | Found Saufiugh's Armour Emporium.
   254 | D:1      | Reached XP level 2. HP: 19/19 MP: 2/2
   292 | D:1      | Found Obocek's Jewellery Boutique.
   333 | D:1      | Found Zyuqykanwy's Book Shop.
   826 | D:2      | Noticed Jessica
   831 | D:2      | Killed Jessica
   832 | D:2      | Reached skill level 3 in Maces & Flails
   832 | D:2      | Reached XP level 3. HP: 19/24 MP: 3/3
   897 | D:2      | Noticed Natasha
   905 | D:2      | Killed Natasha
   906 | D:2      | Reached XP level 4. HP: 21/29 MP: 4/4
  1114 | D:2      | Reached skill level 4 in Maces & Flails
  1156 | D:2      | Found a faded altar of an unknown god.
  1187 | D:2      | Noticed Natasha
  1201 | D:2      | Killed Natasha
  1202 | D:2      | Reached XP level 5. HP: 22/33 MP: 5/5
  1320 | D:2      | Noticed Natasha
  1334 | D:2      | Killed Natasha
  1569 | D:2      | Found a glowing golden altar of the Shining One.
  1818 | D:3      | Reached skill level 5 in Maces & Flails
  1824 | D:3      | Found a sparkling altar of Nemelex Xobeh.
  2369 | D:4      | Reached skill level 1 in Dodging
  2369 | D:4      | Reached XP level 6. HP: 16/38 MP: 6/6
  2477 | D:4      | Found a glowing drain.
  2498 | Sewer    | Entered a sewer
  3266 | Sewer    | Gained mutation: You occasionally lose the ability to drink
                  | potions when taking damage. [potion of mutation]
  3266 | Sewer    | Gained mutation: Your movements are slightly less
                  | encumbered by armour. (ER -2) [potion of mutation]
  3266 | Sewer    | Gained mutation: You are partially covered in large bone
                  | plates. (SH +4) [potion of mutation]
  3267 | Sewer    | Lost mutation: You are partially covered in large bone
                  | plates. (SH +4) [potion of mutation]
  3267 | Sewer    | Lost mutation: Your movements are slightly less encumbered
                  | by armour. (ER -2) [potion of mutation]
  3267 | Sewer    | Lost mutation: You occasionally lose the ability to drink
                  | potions when taking damage. [potion of mutation]
  3267 | Sewer    | Gained mutation: You are somewhat resistant to further
                  | mutation. [potion of mutation]
  3590 | D:4      | Found a staircase to the Ecumenical Temple.
  3600 | D:4      | Reached skill level 6 in Maces & Flails
  3608 | D:4      | Found a blossoming altar of Fedhas.
  3883 | D:4      | Reached XP level 7. HP: 43/43 MP: 7/7
  3889 | D:4      | Identified the ring of Uvvafopo {Contam rPois Str+3 Int+6
                  | Dex+6}
  4202 | D:4      | Noticed Dowan
  4203 | D:4      | Noticed Duvessa
  4210 | D:4      | Killed Duvessa
  4217 | D:4      | Killed Dowan
  4218 | D:4      | Reached skill level 7 in Maces & Flails
  4898 | Temple   | Entered the Ecumenical Temple
  5095 | D:5      | Entered Level 5 of the Dungeon
  5122 | D:5      | Found a burning altar of Makhleb.
  5141 | D:5      | Identified the +3 flail of Experimentation {pain, Int+3}
  5229 | D:5      | Reached XP level 8. HP: 32/48 MP: 8/8
  5313 | D:5      | Learned a level 4 spell: Olgreb's Toxic Radiance
  5449 | D:5      | Found a hazy altar of Hepliaklqana.
  5635 | D:5      | Identified the +6 short sword of Fatigue {flame, rF+ Int+3}
  5745 | D:5      | Found Kak Ufono's Jewellery Shop.
  5753 | D:5      | Bought a ring of see invisible for 165 gold pieces
  6213 | D:6      | Reached skill level 8 in Maces & Flails
  6479 | D:6      | Reached skill level 1 in Spellcasting
  6479 | D:6      | Reached skill level 1 in Poison Magic
  6482 | D:6      | Reached skill level 5 in Armour
  6632 | D:6      | Reached skill level 5 in Fighting
  6696 | D:6      | Found an iron altar of Okawaru.
  6706 | D:6      | Became a worshipper of Warmaster Okawaru
  6878 | D:6      | Reached XP level 9. HP: 11/54 MP: 10/12
  7427 | D:6      | Found a radiant altar of Vehumet.
  7951 | D:7      | Reached skill level 9 in Maces & Flails
  8190 | D:7      | Reached * piety under Okawaru
  8218 | D:7      | HP: 1/54 [something/puff of flame (2)]
  8219 | D:7      | Engulfed by a steam dragon's steam

Illustrated notes

Levels and vault maps discovered:
D:1:      erik_arrival_blinker_ship, layout_loops_ring, serial_shops, shop,
          shop, shop, nicolae_shop_rolling_square
D:2:      layout_rooms, ebering_ecumenical_altar_hall, basic_altar,
          uniq_natasha, uniq_jessica
D:3:      layout_loops_ring, mainiacjoe_overflow_cross_hatched
D:4:      layout_basic, fedhas_altar_2, minmay_temple_entry_ruins,
          cheibrodos_sewer_entry_sluice, grunt_ministairs_12, uniq_duvessa
D:5:      layout_gridville, mainiacjoe_overflow_catch_the_wave, serial_shops,
          shop, grunt_ministairs_4, minmay_fractal_squares_gapless_5
D:6:      layout_basic, okawaru_ov_weapons_minmay, marbit_many_paths,
          chequers_serial_rivers_small_3
D:7:      layout_cave_pools, lemuel_crystal_altar, lemuel_doored_altar,
          minmay_fire_ice_demons
Temple:   chequers_temple_sunken

Skill      XL: |  1  2  3  4  5  6  7  8  9 |
---------------+----------------------------+-----
Maces & Flails | 3 4 5 6 7 8 9 |  9.5
Fighting       | 4 5 |  5.4
Dodging        | 1 |  1.5
Armour         | 4 5 |  5.8
Shields        | 4 |  4.4
Spellcasting   | 2 |  2.6
Poison Magic   | 1 2 |  2.7

Action                     |  1- 3 |  4- 6 |  7- 9 || total
---------------------------+-------+-------+-------++-------
  Melee: Flail             |    59 |   229 |   194 ||   482
  Throw: Javelin           |       |       |     1 ||     1
    Use: Scroll            |       |     4 |     1 ||     5
         Potion            |       |     2 |     2 ||     4
 Armour: Scale mail        |    37 |    43 |       ||    80
         Chain mail        |       |   111 |   130 ||   241
  Dodge: Dodged            |    38 |   105 |   103 ||   246
  Block: Buckler           |    21 |    58 |    43 ||   122

Table legend: (Time is in decaauts)
 A = Elapsed time spent in this place.
 B = Non-inter-level travel time spent in this place.
 C = Inter-level travel time spent in this place.
 D = Time resting spent in this place.
 E = Time spent auto-exploring this place.
 F = Levels seen in this place.
 G = Mean time per level.
                   A        B        C        D        E       F      G
               +--------+--------+--------+--------+--------+-----+--------+
         Total |   8370 |   8154 |    216 |   2759 |   3866 |   9 |  930.0 |
       Dungeon |   7085 |   6869 |    216 |   2088 |   3667 |   7 | 1012.1 |
        Temple |    238 |    238 |      0 |      0 |    198 |   1 |  238.0 |
         Sewer |   1045 |   1045 |      0 |    671 |      0 |   1 | 1045.0 |
               +--------+--------+--------+--------+--------+-----+--------+

Top non-repeatable levels by time:
     D:6: 1953 daAuts
     D:4: 1571 daAuts
   Sewer: 1045 daAuts
     D:2: 1021 daAuts
     D:5: 888 daAuts
     D:3: 723 daAuts
     D:1: 642 daAuts
     D:7: 284 daAuts
  Temple: 238 daAuts
